[Event "10th Beirut Open-ch 2019"]
[Site "Beirut"]
[Date "2019.05.02"]
[Round "8.4"]
[White "El Jawich, Amro"]
[Black "Raetsky, Alexander"]
[Result "1/2-1/2"]
[ECO "C70"]
[WhiteElo "2238"]
[BlackElo "2394"]
[Annotator "NA"]
[PlyCount "72"]
[EventDate "2019.04.25"]
[EventType "swiss"]
[EventRounds "9"]
[EventCountry "LBN"]
[SourceTitle "playchess.com"]
[Source "ChessBase"]
[SourceQuality "1"]
[TimeControl "5400+30"]

1. e4 e5 2. Nf3 Nc6 3. Bb5 a6 4. Ba4 f5 5. d3 fxe4 6. dxe4 Nf6 7. Nc3 Bb4 8. O-O Bxc3 9. bxc3 O-O 10. Qd3 d6 11. c4 Bd7 12. c5 dxc5 13. Qc4+ Kh8 14. Qxc5 Nxe4 15. Qe3 Nd6 16. Bxc6 Bxc6 17. Nxe5 Bb5 18. Re1 Nf5 19. Qh3 Qh4 20. Qxh4 Nxh4 21. a4 Be8 22. a5 Ng6 23. Bb2 Kg8 24. g3 Nxe5 25. Bxe5 Rf7 26. Rad1 Bc6 27. f4 Re8 28. Rd4 h6 29. Red1 g5 30. Rd8 Kh7 31. Rxe8 Bxe8 32. Rd8 Ba4 33. c3 Kg6 34. Kf2 Rd7 35. Rxd7 Bxd7 36. Bxc7 g4 1/2-1/2

[Event "10th Beirut Open-ch 2019"]
[Site "Beirut"]
[Date "2019.05.02"]
[Round "8.7"]
[White "Najjar, Ahmad"]
[Black "Dimitrijevic, Aleksandra"]
[Result "1-0"]
[ECO "A41"]
[WhiteElo "2233"]
[BlackElo "2164"]
[Annotator "NA"]
[PlyCount "125"]
[EventDate "2019.04.25"]
[EventType "swiss"]
[EventRounds "9"]
[EventCountry "LBN"]
[SourceTitle "playchess.com"]
[Source "ChessBase"]
[SourceQuality "1"]
[TimeControl "5400+30"]

1. d4 d6 2. Nc3 Nf6 3. e4 e5 4. dxe5 dxe5 5. Qxd8+ Kxd8 6. Bc4 Be6 7. Bxe6 fxe6 8. f3 a6 9. Be3 Bd6 10. Nge2 Ke7 11. O-O-O Nbd7 12. Rd2 Rad8 13. Rhd1 h6 14. a3 Rb8 15. Kb1 b5 16. Ka2 a5 17. Nc1 a4 18. b4 Rhd8 19. Kb2 Nb6 20. Bxb6 Rxb6 21. Nd3 Nd7 22. Nc5 Rbb8 23. Nxd7 Rxd7 24. Nxb5 Rxb5 25. c4 Rb8 26. c5 Rdd8 27. Kc3 Bxc5 28. Rxd8 Bxb4+ 29. Kc4 Rxd8 30. Rxd8 Bxa3 31. Ra8 Bc1 32. Rxa4 h5 33. Ra1 Be3 34. Rd1 c6 35. Rd3 Bg1 36. Rd1 Be3 37. Rb1 g5 38. Rb7+ Kd6 39. Kd3 Bc1 40. Rb3 h4 41. g3 hxg3 42. hxg3 g4 43. fxg4 Bh6 44. Rb7 c5 45. Kc4 Be3 46. Rg7 Bh6 47. Rh7 Be3 48. Kd3 Bc1 49. Rh1 Bg5 50. Rh5 Bc1 51. g5 Ke7 52. Rh7+ Kf8 53. g6 Bb2 54. Kc4 Bd4 55. Kb5 Kg8 56. Kc6 c4 57. Kd6 c3 58. Kxe6 Bb6 59. Rh2 Kg7 60. Kf5 Be3 61. Rh7+ Kg8 62. Rc7 Bd4 63. Kf6 1-0

[Event "10th Beirut Open-ch 2019"]
[Site "Beirut"]
[Date "2019.05.02"]
[Round "8.8"]
[White "Hariri, Nizar"]
[Black "Ivanov, Mikhail M"]
[Result "0-1"]
[ECO "A36"]
[WhiteElo "1958"]
[BlackElo "2372"]
[PlyCount "82"]
[EventDate "2019.04.25"]
[EventType "swiss"]
[EventRounds "9"]
[EventCountry "LBN"]
[TimeControl "5400+30"]

1. c4 c5 2. Nc3 g6 3. g3 Bg7 4. Bg2 Nc6 5. e3 h5 6. Nge2 h4 7. d4 Nh6 8. dxc5 Qa5 9. O-O hxg3 10. hxg3 Qxc5 11. Qd5 Qxd5 12. cxd5 Ne5 13. d6 e6 14. Nb5 Kd8 15. Rd1 a6 16. Na3 Rb8 17. Bd2 Nf5 18. Bc3 Nc6 19. Nc2 b6 20. Bxg7 Nxg7 21. Ncd4 Bb7 22. Rac1 Rc8 23. Nxc6+ Bxc6 24. Nd4 Bxg2 25. Kxg2 Rxc1 26. Rxc1 Ne8 27. Rd1 Kc8 28. b4 Rh5 29. f4 Rd5 30. e4 Rxd6 31. Rc1+ Kd8 32. Nf3 Ke7 33. Rc2 Rd3 34. Kf2 Nf6 35. Ke2 Ra3 36. Ne5 Rxg3 37. Rc7 Rg2+ 38. Ke3 Rxa2 39. Ra7 Ra3+ 40. Kd4 Ra4 41. Nd3 Kf8 0-1

[Event "10th Beirut Open-ch 2019"]
[Site "Beirut"]
[Date "2019.05.02"]
[Round "8.9"]
[White "EL Mahmoud, AbdulAziz"]
[Black "Kaloust, Giorgio"]
[Result "0-1"]
[ECO "A10"]
[WhiteElo "2108"]
[BlackElo "1919"]
[PlyCount "82"]
[EventDate "2019.04.25"]
[EventType "swiss"]
[EventRounds "9"]
[EventCountry "LBN"]
[TimeControl "5400+30"]

1. g3 g6 2. Bg2 Bg7 3. c4 e6 4. Nc3 Ne7 5. Nf3 d5 6. cxd5 exd5 7. d4 O-O 8. O-O h6 9. Bf4 c6 10. Be5 f6 11. Bf4 Be6 12. Qb3 Qb6 13. Na4 Qxb3 14. axb3 Nd7 15. Rfc1 Rae8 16. Bd6 Rf7 17. Nc5 Nxc5 18. Bxc5 a6 19. Nd2 f5 20. Nf3 g5 21. b4 Ng6 22. b5 axb5 23. Ra7 f4 24. Nd2 Bg4 25. Bf3 Bxf3 26. exf3 fxg3 27. hxg3 Re2 28. Rd1 Bf8 29. Kf1 Re6 30. Re1 Rxe1+ 31. Kxe1 Bxc5 32. dxc5 Ne5 33. Ke2 Re7 34. Kf1 Nd3 35. Nb3 Kf7 36. f4 gxf4 37. gxf4 Ke8 38. f5 Kf7 39. Na5 Nxc5 40. Kg2 d4 41. b4 d3 0-1

[Event "10th Beirut Open-ch 2019"]
[Site "Beirut"]
[Date "2019.05.02"]
[Round "8.10"]
[White "Hassweh, Mwaffaq"]
[Black "Sursock, Sameer"]
[Result "1/2-1/2"]
[ECO "B22"]
[WhiteElo "1866"]
[BlackElo "2048"]
[PlyCount "108"]
[EventDate "2019.04.25"]
[EventType "swiss"]
[EventRounds "9"]
[EventCountry "LBN"]
[TimeControl "5400+30"]

1. e4 c5 2. Nf3 Nc6 3. c3 d5 4. exd5 Qxd5 5. d4 e6 6. Bd3 Nf6 7. O-O Be7 8. Be3 c4 9. Be2 O-O 10. Nbd2 Na5 11. Ne5 Qd8 12. Ndxc4 Nd5 13. Bd3 f5 14. Nxa5 Qxa5 15. Bd2 Qc7 16. f4 b6 17. Rf3 Bb7 18. Rh3 Bd6 19. Qh5 Nf6 20. Qe2 Rae8 21. Rg3 Ne4 22. Re3 Rf6 23. Re1 Bxe5 24. dxe5 Rg6 25. Bxe4 Bxe4 26. Rg3 Rxg3 27. hxg3 Rd8 28. Be3 Qc6 29. Bd4 Qd5 30. b3 Rd7 31. g4 g6 32. g5 b5 33. Rd1 Qc6 34. Rd2 a5 35. c4 b4 36. Be3 Kf7 37. Rxd7+ Qxd7 38. Bb6 Qb7 39. c5 Qd5 40. Kh2 Qd4 41. Qa6 Qf2 42. Qa7+ Kf8 43. Qb8+ Kf7 44. Qc7+ Kf8 45. Qd8+ Kf7 46. Qf6+ Kg8 47. Qxe6+ Kg7 48. Qe7+ Kg8 49. Qe8+ Kg7 50. Qe7+ Kg8 51. Qd8+ Kg7 52. Qf6+ Kg8 53. Qd8+ Kg7 54. Qc7+ Kg8 1/2-1/2

[Event "10th Beirut Open-ch 2019"]
[Site "Beirut"]
[Date "2019.05.02"]
[Round "8.11"]
[White "Moudallal, Tarek"]
[Black "Nassar, Marc"]
[Result "1/2-1/2"]
[ECO "B23"]
[WhiteElo "2043"]
[BlackElo "1909"]
[PlyCount "126"]
[EventDate "2019.04.25"]
[EventType "swiss"]
[EventRounds "9"]
[EventCountry "LBN"]
[TimeControl "5400+30"]

1. e4 c5 2. Nc3 e6 3. f4 Nc6 4. Bb5 Nd4 5. Bc4 Nf6 6. Nf3 a6 7. e5 d5 8. Bd3 Nd7 9. O-O c4 10. Be2 Bc5 11. Kh1 Nxe2 12. Nxe2 b5 13. d4 Be7 14. Ng3 g6 15. c3 Nb6 16. Bd2 a5 17. a3 Rb8 18. Qe2 Na8 19. Rf2 Nc7 20. Raf1 h6 21. Qd1 Bd7 22. Ne2 h5 23. Ng5 b4 24. axb4 axb4 25. g4 bxc3 26. bxc3 h4 27. Qc2 O-O 28. f5 Bxg5 29. f6 Bxd2 30. Qxd2 Kh7 31. Qg5 Rh8 32. Nf4 Qf8 33. Qxh4+ Qh6 34. Qg3 Kg8 35. Ra2 Qh4 36. Qg2 Nb5 37. Raf2 Nxc3 38. Rf3 Rb1 39. Rh3 Rxf1+ 40. Qxf1 Qxg4 41. Rxc3 Rh4 42. Ne2 Qe4+ 43. Kg1 Rg4+ 44. Rg3 Rxg3+ 45. hxg3 Qe3+ 46. Kh2 c3 47. Nxc3 Qxc3 48. Qf4 Qc2+ 49. Kg1 Qd1+ 50. Kg2 Qe2+ 51. Kg1 Qh5 52. Qc1 Qh3 53. Qa3 g5 54. Qa8+ Kh7 55. Qf8 Qxg3+ 56. Kh1 Kg6 57. Qg7+ Kf5 58. Qxf7 Kg4 59. Qg6 Bb5 60. f7 Bf1 61. Qxe6+ Kh4 62. Qh6+ Kg4 63. Qe6+ Kh4 1/2-1/2

[Event "10th Beirut Open-ch 2019"]
[Site "Beirut"]
[Date "2019.05.02"]
[Round "8.12"]
[White "Asmar, Elie"]
[Black "Khoder, Akram"]
[Result "1-0"]
[ECO "D03"]
[WhiteElo "2009"]
[BlackElo "1608"]
[PlyCount "69"]
[EventDate "2019.04.25"]
[EventType "swiss"]
[EventRounds "9"]
[EventCountry "LBN"]
[TimeControl "5400+30"]

1. d4 Nf6 2. Bg5 e6 3. Nd2 d5 4. e3 Be7 5. Ngf3 O-O 6. Bd3 Nbd7 7. O-O b6 8. Ne1 Bb7 9. f4 Ne4 10. Bxe7 Qxe7 11. Nef3 c5 12. c3 Ndf6 13. Qc2 Rac8 14. Rae1 h6 15. Ne5 c4 16. Bxe4 dxe4 17. Ndxc4 Ba6 18. Qa4 b5 19. Qxa6 bxc4 20. Nxc4 Qc7 21. Ne5 Rb8 22. Qe2 Rfc8 23. c4 Qa5 24. b3 Qb4 25. f5 a5 26. fxe6 fxe6 27. Ng4 Nd7 28. Rb1 Rf8 29. c5 Rbc8 30. Qa6 Rce8 31. Qe2 e5 32. Nxh6+ Kh7 33. Qh5 Nf6 34. Rxf6 gxf6 35. Nf5+ 1-0

[Event "10th Beirut Open-ch 2019"]
[Site "Beirut"]
[Date "2019.05.02"]
[Round "8.13"]
[White "Moughames, Ronald"]
[Black "Ghnatios, Ralph"]
[Result "0-1"]
[ECO "B38"]
[WhiteElo "1721"]
[BlackElo "1838"]
[PlyCount "72"]
[EventDate "2019.04.25"]
[EventType "swiss"]
[EventRounds "9"]
[EventCountry "LBN"]
[TimeControl "5400+30"]

1. e4 c5 2. Nf3 g6 3. d4 cxd4 4. Nxd4 Bg7 5. c4 Nc6 6. Be3 Nf6 7. Nc3 O-O 8. Be2 d6 9. O-O Bd7 10. f3 a5 11. Ndb5 Be6 12. Rc1 Nd7 13. Na4 f5 14. Qd2 fxe4 15. fxe4 Rxf1+ 16. Rxf1 Nce5 17. b3 Qc8 18. Nd4 Bf7 19. h4 Qc7 20. h5 Nf6 21. hxg6 Bxg6 22. Ne6 Qc6 23. Nb6 Nxe4 24. Qc1 Ng3 25. Rf2 Qe4 26. Nxg7 Qh4 27. Rf4 Nxe2+ 28. Kf1 Ng3+ 29. Ke1 Nd3+ 30. Kd2 Nxf4 31. Nxa8 Ne4+ 32. Kc2 Nc5+ 33. Kd2 Kxg7 34. Qc3+ Kg8 35. Bxc5 dxc5 36. Qe3 Qf6 0-1

[Event "10th Beirut Open-ch 2019"]
[Site "Beirut"]
[Date "2019.05.02"]
[Round "8.15"]
[White "Sharbel, Marwan"]
[Black "Bedrosian, Danielle"]
[Result "1-0"]
[ECO "B00"]
[WhiteElo "1973"]
[BlackElo "1676"]
[PlyCount "71"]
[EventDate "2019.04.25"]
[EventType "swiss"]
[EventRounds "9"]
[EventCountry "LBN"]
[TimeControl "5400+30"]

1. d4 b6 2. e4 Bb7 3. Bd3 g6 4. Nf3 Bg7 5. O-O e6 6. Nc3 d6 7. Be3 Nd7 8. Re1 Ne7 9. Qd2 h6 10. a4 a6 11. b4 g5 12. Qd1 Ng6 13. Ne2 e5 14. d5 Nf6 15. Ng3 Bc8 16. c4 O-O 17. c5 Ne7 18. Rc1 Ng4 19. Bd2 f5 20. h3 fxe4 21. Nxe4 Nf6 22. cxd6 cxd6 23. Nxf6+ Bxf6 24. Qe2 Bb7 25. Qe4 Rf7 26. Bc4 b5 27. axb5 axb5 28. Bxb5 Bxd5 29. Qg4 Bg7 30. Bd3 Bxf3 31. gxf3 Kh8 32. Qh5 Qf8 33. Bxg5 Rxf3 34. Bxe7 Qf4 35. Qg6 Rxd3 36. Qxd3 1-0

[Event "10th Beirut Open-ch 2019"]
[Site "Beirut"]
[Date "2019.05.02"]
[Round "8.16"]
[White "Khechen, Nabil E"]
[Black "Tarraf, Tarraf"]
[Result "1-0"]
[ECO "B21"]
[WhiteElo "1933"]
[BlackElo "1647"]
[PlyCount "57"]
[EventDate "2019.04.25"]
[EventType "swiss"]
[EventRounds "9"]
[EventCountry "LBN"]
[TimeControl "5400+30"]

1. e4 c5 2. d4 cxd4 3. c3 dxc3 4. Nxc3 e6 5. Bc4 a6 6. Nf3 Bb4 7. O-O Nc6 8. Bg5 Qc7 9. Rc1 Nge7 10. a3 Bc5 11. Ba2 Ba7 12. Bxe7 Kxe7 13. Nd5+ exd5 14. exd5 Kf8 15. dxc6 dxc6 16. Ng5 f6 17. Nf7 Rg8 18. Qh5 g6 19. Qxh7 Bf5 20. Qh6+ Rg7 21. Qh8+ Rg8 22. Qxf6 Qe7 23. Qc3 Rg7 24. Rce1 Qh4 25. Nd6 Rh7 26. h3 Qd4 27. Qb3 Rg7 28. Nxf5 gxf5 29. Qe6 1-0

[Event "10th Beirut Open-ch 2019"]
[Site "Beirut"]
[Date "2019.05.02"]
[Round "8.17"]
[White "Attieh, Wael"]
[Black "Salameh, Sleiman"]
[Result "1/2-1/2"]
[ECO "C10"]
[WhiteElo "1823"]
[BlackElo "1621"]
[PlyCount "71"]
[EventDate "2019.04.25"]
[EventType "swiss"]
[EventRounds "9"]
[EventCountry "LBN"]
[TimeControl "5400+30"]

1. e4 e6 2. d4 d5 3. Nd2 dxe4 4. Nxe4 Nd7 5. Nf3 Ngf6 6. Nxf6+ Nxf6 7. Bg5 Be7 8. Bd3 h6 9. Bh4 c5 10. O-O cxd4 11. Bb5+ Bd7 12. Bxd7+ Qxd7 13. Qxd4 Qxd4 14. Nxd4 g5 15. Bg3 a6 16. f3 Bc5 17. Bf2 Nd5 18. Rfd1 O-O-O 19. Nb3 Be7 20. c3 Rd7 21. c4 Nb4 22. Rxd7 Kxd7 23. Rd1+ Kc8 24. a3 Nc6 25. Nc5 Bxc5 26. Bxc5 Rd8 27. Rxd8+ Kxd8 28. b3 Kd7 29. Kf2 Na5 30. h3 f5 31. Bf8 h5 32. Bh6 g4 33. hxg4 hxg4 34. fxg4 fxg4 35. Kg3 Nxb3 36. Kxg4 1/2-1/2

[Event "10th Beirut Open-ch 2019"]
[Site "Beirut"]
[Date "2019.05.02"]
[Round "8.18"]
[White "Salman, Samer"]
[Black "Slim, Nadim"]
[Result "1/2-1/2"]
[ECO "B33"]
[WhiteElo "1505"]
[BlackElo "1781"]
[PlyCount "87"]
[EventDate "2019.04.25"]
[EventType "swiss"]
[EventRounds "9"]
[EventCountry "LBN"]
[TimeControl "5400+30"]

1. e4 c5 2. Nf3 Nc6 3. d4 cxd4 4. Nxd4 Nf6 5. Nc3 e5 6. Nf3 Bb4 7. Bd3 d5 8. exd5 Nxd5 9. Bd2 Nxc3 10. Bxc3 Bxc3+ 11. bxc3 O-O 12. O-O Bg4 13. Qe2 g6 14. h3 Bxf3 15. Qxf3 f5 16. Rfd1 Qe7 17. Qd5+ Kg7 18. Bb5 Rfd8 19. Qc4 Rac8 20. Rxd8 Qxd8 21. Qe6 Qe8 22. Qd6 Qe7 23. Rd1 Qxd6 24. Rxd6 Rd8 25. Rxd8 Nxd8 26. Kf1 Kf6 27. Ke2 Ke6 28. Bc4+ Kf6 29. Bd5 b6 30. Kd3 e4+ 31. Kc4 Ne6 32. Kb5 Nf4 33. c4 Nxg2 34. Ka6 Nf4 35. Kxa7 Nxd5 36. cxd5 f4 37. Kxb6 e3 38. fxe3 fxe3 39. d6 Ke6 40. Kc7 e2 41. d7 e1=Q 42. d8=Q Qa5+ 43. Kc8 Qa8+ 44. Kc7 1/2-1/2

[Event "10th Beirut Open-ch 2019"]
[Site "Beirut"]
[Date "2019.05.02"]
[Round "8.19"]
[White "Arkadan, Adib"]
[Black "Hanna, Elie"]
[Result "1-0"]
[ECO "E10"]
[WhiteElo "1686"]
[BlackElo "1726"]
[PlyCount "125"]
[EventDate "2019.04.25"]
[EventType "swiss"]
[EventRounds "9"]
[EventCountry "LBN"]
[TimeControl "5400+30"]

1. d4 Nf6 2. c4 e6 3. Nf3 c5 4. d5 exd5 5. cxd5 d6 6. e4 g6 7. Bd3 Bg7 8. O-O O-O 9. h3 b5 10. Re1 c4 11. Bc2 Bb7 12. a3 Nbd7 13. Nc3 a6 14. Bf4 Nc5 15. Qd2 Re8 16. Re2 Qb6 17. Rae1 Rad8 18. Bg5 a5 19. Nd4 b4 20. Na4 Nxa4 21. Bxa4 Re5 22. Nc6 Bxc6 23. Bxc6 c3 24. bxc3 bxc3 25. Qf4 Rxg5 26. Qxg5 Rb8 27. Qe3 Qxe3 28. Rxe3 c2 29. Ba4 Rb2 30. Rb3 Nxe4 31. Rxb2 Bxb2 32. Bxc2 Nc3 33. a4 Ba3 34. Bb3 Kg7 35. Re3 Bb4 36. g3 Nb1 37. Kf1 Bc5 38. Rd3 f5 39. Bc2 Na3 40. Rc3 Kf6 41. f4 g5 42. Bd3 h5 43. Kg2 Bb4 44. Rb3 h4 45. fxg5+ Kxg5 46. gxh4+ Kxh4 47. Bxf5 Nc4 48. Bg4 Bc5 49. Rb5 Ne3+ 50. Kf3 Nc4 51. Rb8 Kg5 52. Rg8+ Kf6 53. h4 Ne5+ 54. Kg3 Nf7 55. h5 Be3 56. Rg6+ Ke7 57. Re6+ Kf8 58. Rxe3 Ng5 59. Kf4 Nf7 60. Re6 Kg7 61. Re7 Kf6 62. Rxf7+ Kxf7 63. Kf5 1-0

[Event "10th Beirut Open-ch 2019"]
[Site "Beirut"]
[Date "2019.05.02"]
[Round "8.20"]
[White "Haidar, Wassim"]
[Black "Berbari, Imad"]
[Result "0-1"]
[ECO "A04"]
[WhiteElo "1707"]
[BlackElo "1666"]
[PlyCount "118"]
[EventDate "2019.04.25"]
[EventType "swiss"]
[EventRounds "9"]
[EventCountry "LBN"]
[TimeControl "5400+30"]

1. Nf3 g6 2. g3 c5 3. d3 Nc6 4. Bg2 Rb8 5. c4 Bg7 6. Nc3 a6 7. Bf4 d6 8. O-O h6 9. h4 Nf6 10. Qc1 Bd7 11. Re1 Kf8 12. e4 e5 13. Bd2 Kg8 14. Nh2 Nb4 15. Bf1 Qc8 16. a3 Nc6 17. f4 Bh3 18. f5 Bxf1 19. Rxf1 Nd4 20. Qd1 b5 21. Nd5 Nxd5 22. cxd5 h5 23. Nf3 Nxf3+ 24. Qxf3 Qd7 25. f6 Bh6 26. Bxh6 Rxh6 27. Qe3 Rh8 28. Kg2 Kh7 29. Qe2 Rhc8 30. Rf5 Rh8 31. Rxh5+ Kg8 32. Rg5 Kf8 33. Rh1 Qd8 34. Qf3 Qa5 35. Rf1 Qd2+ 36. Rf2 Qc1 37. Qg4 Rh6 38. h5 Rd8 39. Rgf5 Rh7 40. Rg5 Rh6 41. Rgf5 Rh7 42. Rf1 gxf5 43. Qxf5 Qh6 44. g4 Rh8 45. Rf2 Rg8 46. Kg3 Rg5 47. Qf3 Kg8 48. Rh2 Kh7 49. Rh3 Rdg8 50. Rh4 Qf8 51. Qf2 Qc8 52. Qf3 c4 53. d4 exd4 54. Qf4 Qd7 55. h6 d3 56. e5 dxe5 57. Qe4+ R8g6 58. d6 d2 59. Qd5 Rxg4+ 0-1

[Event "10th Beirut Open-ch 2019"]
[Site "Beirut"]
[Date "2019.05.02"]
[Round "8.21"]
[White "Muhssen, Fared Saleh"]
[Black "Al Azmi, Khalaf"]
[Result "1-0"]
[ECO "D15"]
[WhiteElo "1898"]
[BlackElo "1740"]
[PlyCount "103"]
[EventDate "2019.04.25"]
[EventType "swiss"]
[EventRounds "9"]
[EventCountry "LBN"]
[TimeControl "5400+30"]

1. d4 Nf6 2. Nf3 d5 3. c4 c6 4. Nc3 Bg4 5. Ne5 Bf5 6. e3 h6 7. cxd5 cxd5 8. Bb5+ Nbd7 9. Qb3 e6 10. Bxd7+ Nxd7 11. Qxb7 Nxe5 12. dxe5 Be7 13. Qb5+ Qd7 14. Qxd7+ Kxd7 15. O-O Rab8 16. Rd1 Kc6 17. b3 Rhc8 18. Bb2 Bb4 19. Rac1 Kd7 20. Kf1 Rc6 21. Ne2 Ra6 22. a4 Ba5 23. Nd4 Bg6 24. Ke2 Rb7 25. Ba3 Bc7 26. Rc3 Bxe5 27. Rdc1 Bd6 28. Bxd6 Rxd6 29. f4 a6 30. g4 Be4 31. Rc6 Rxc6 32. Rxc6 Ra7 33. a5 Bb1 34. Kd2 g6 35. Kc1 Bd3 36. Kb2 Rb7 37. Kc3 Bf1 38. Rb6 Rxb6 39. axb6 Bh3 40. Kb4 Bf1 41. Kc5 Bd3 42. Nc6 Kc8 43. Na5 Kd7 44. b4 Be2 45. h3 h5 46. gxh5 gxh5 47. h4 Bb5 48. Nb3 Bf1 49. Nd4 Bd3 50. Nc6 Kc8 51. Ne5 Bg6 52. Kc6 1-0

[Event "10th Beirut Open-ch 2019"]
[Site "Beirut"]
[Date "2019.05.02"]
[Round "8.22"]
[White "Djikerian, Rafi"]
[Black "Terzian, Kevork"]
[Result "1/2-1/2"]
[ECO "B07"]
[WhiteElo "1833"]
[BlackElo "1731"]
[PlyCount "63"]
[EventDate "2019.04.25"]
[EventType "swiss"]
[EventRounds "9"]
[EventCountry "LBN"]
[TimeControl "5400+30"]

1. e4 d6 2. Bc4 Nf6 3. d3 g6 4. Nf3 Bg7 5. O-O O-O 6. Nc3 c5 7. Be3 Nc6 8. a3 a6 9. h3 h6 10. Qd2 Kh7 11. Rab1 b5 12. Ba2 b4 13. axb4 Nxb4 14. Bc4 Bb7 15. Ne2 Qc7 16. Nh2 d5 17. exd5 Nbxd5 18. Bxd5 Nxd5 19. c3 Nxe3 20. fxe3 e5 21. Rf2 Rad8 22. Qc2 f5 23. Rc1 Qd6 24. Qb3 Bd5 25. Qa3 Qb6 26. Nf1 Bb7 27. c4 e4 28. dxe4 Bxb2 29. Rb1 Bxa3 30. Rxb6 Bxe4 31. Nf4 Rg8 32. Rxa6 1/2-1/2

[Event "10th Beirut Open-ch 2019"]
[Site "Beirut"]
[Date "2019.05.02"]
[Round "8.23"]
[White "Al Onizan, Fahad M"]
[Black "Kabalan, Farah"]
[Result "1-0"]
[ECO "C86"]
[WhiteElo "1822"]
[BlackElo "1602"]
[PlyCount "37"]
[EventDate "2019.04.25"]
[EventType "swiss"]
[EventRounds "9"]
[EventCountry "LBN"]
[TimeControl "5400+30"]

1. e4 e5 2. Nf3 Nc6 3. Bb5 a6 4. Ba4 d6 5. O-O Nf6 6. Qe2 b5 7. Bb3 Bg4 8. c3 Be7 9. a4 Na5 10. Bc2 c6 11. d3 h6 12. Be3 O-O 13. Nbd2 c5 14. h3 Bh5 15. g4 Bg6 16. Nh4 Nxe4 17. Nxg6 Nxd2 18. Nxe7+ Qxe7 19. Bxd2 1-0

[Event "10th Beirut Open-ch 2019"]
[Site "Beirut"]
[Date "2019.05.02"]
[Round "8.24"]
[White "Jabr, Bernard"]
[Black "Eid, Wissam"]
[Result "1-0"]
[ECO "B22"]
[WhiteElo "1679"]
[BlackElo "1568"]
[PlyCount "29"]
[EventDate "2019.04.25"]
[EventType "swiss"]
[EventRounds "9"]
[EventCountry "LBN"]
[TimeControl "5400+30"]

1. e4 c5 2. c3 d6 3. d4 cxd4 4. cxd4 Nf6 5. Nc3 e6 6. Nf3 a6 7. Bd3 Nc6 8. a3 Be7 9. h4 O-O 10. e5 Nd5 11. Bxh7+ Kxh7 12. Ng5+ Kg8 13. Qh5 Bxg5 14. hxg5 f5 15. g6 1-0

[Event "10th Beirut Open-ch 2019"]
[Site "Beirut"]
[Date "2019.05.03"]
[Round "9.1"]
[White "Raetsky, Alexander"]
[Black "Bernadskiy, Vitaliy"]
[Result "0-1"]
[ECO "D31"]
[WhiteElo "2394"]
[BlackElo "2572"]
[Annotator "RC"]
[PlyCount "100"]
[EventDate "2019.04.25"]
[EventType "swiss"]
[EventRounds "9"]
[EventCountry "LBN"]
[TimeControl "5400+30"]

1. d4 d5 2. c4 e6 3. Nf3 a6 4. cxd5 exd5 5. Nc3 c6 6. Qc2 Bd6 7. Bg5 Ne7 8. e3 f6 9. Bh4 Bf5 10. Bd3 Bxd3 11. Qxd3 Qd7 12. Bg3 Qf5 13. Qxf5 Nxf5 14. Bxd6 Nxd6 15. Na4 Nd7 16. Rc1 O-O 17. Nc5 Nxc5 18. dxc5 Nc4 19. b3 Ne5 20. Ke2 Nxf3 21. Kxf3 Rae8 22. Rhd1 Re4 23. Rd2 f5 24. g3 Kf7 25. h4 Kf6 26. Ke2 Rfe8 27. Rc3 f4 28. Kf3 fxe3 29. Rxe3 a5 30. a3 h5 31. Rd1 Rxe3+ 32. fxe3 Re4 33. Rd4 Ke5 34. Rd1 g6 35. Re1 a4 36. Rb1 d4 37. exd4+ Rxd4 38. bxa4 Rxa4 39. Rxb7 Rxa3+ 40. Kf2 Rc3 41. Rg7 Kf6 42. Rc7 Rxc5 43. Kf3 Rc3+ 44. Kf4 Rc4+ 45. Kf3 Ke5 46. Re7+ Kd6 47. Rg7 Rg4 48. Rg8 c5 49. Rd8+ Ke5 50. Rd1 c4 0-1

[Event "10th Beirut Open-ch 2019"]
[Site "Beirut"]
[Date "2019.05.03"]
[Round "9.4"]
[White "Khodashenas, Mersad"]
[Black "Eiti, Bashir"]
[Result "1-0"]
[ECO "B01"]
[WhiteElo "2470"]
[BlackElo "2352"]
[PlyCount "81"]
[EventDate "2019.04.25"]
[EventType "swiss"]
[EventRounds "9"]
[EventCountry "LBN"]
[TimeControl "5400+30"]

1. e4 d5 2. exd5 Nf6 3. d4 Qxd5 4. Nc3 Qa5 5. Nf3 c6 6. Bd2 Bg4 7. h3 Bh5 8. Bc4 Qd8 9. g4 Bg6 10. Qe2 e6 11. O-O-O b5 12. Bb3 b4 13. Na4 Be7 14. Ne5 Qxd4 15. Rhe1 Nfd7 16. Nf3 Qd6 17. Bh6 Qc7 18. Bxg7 Rg8 19. Bh6 Nb6 20. Nxb6 axb6 21. h4 Nd7 22. h5 Nc5 23. hxg6 Rxg6 24. g5 Nxb3+ 25. axb3 Ra1+ 26. Kd2 Ra5 27. Qe4 Rd5+ 28. Ke2 Bxg5 29. Bxg5 Rgxg5 30. Qxh7 Rh5 31. Qg8+ Ke7 32. Qg4 c5 33. Rxd5 Rxd5 34. Rd1 Rxd1 35. Kxd1 Qa7 36. Qg5+ Kf8 37. Ne5 Qa1+ 38. Qc1 Qa8 39. Qh6+ Ke7 40. Qg5+ Kf8 41. Nd7+ 1-0

[Event "10th Beirut Open-ch 2019"]
[Site "Beirut"]
[Date "2019.05.03"]
[Round "9.5"]
[White "Cherniaev, Alexander"]
[Black "El Jawich, Amro"]
[Result "0-1"]
[ECO "B20"]
[WhiteElo "2401"]
[BlackElo "2238"]
[PlyCount "112"]
[EventDate "2019.04.25"]
[EventType "swiss"]
[EventRounds "9"]
[EventCountry "LBN"]
[TimeControl "5400+30"]

1. e4 c5 2. Na3 g6 3. Nf3 Bg7 4. c3 d5 5. exd5 Nf6 6. Bb5+ Nbd7 7. d4 O-O 8. d6 exd6 9. O-O a6 10. Bxd7 Bxd7 11. Bf4 Bc6 12. Nc2 Re8 13. h3 Ne4 14. Be3 f5 15. Nd2 Qh4 16. dxc5 dxc5 17. Nxe4 Qxe4 18. f3 Qe7 19. Qd2 Rad8 20. Qf2 b6 21. Rfe1 Qc7 22. Bg5 Rc8 23. Qh4 b5 24. Ne3 Be5 25. Nf1 Qf7 26. a3 a5 27. Rad1 Bd5 28. Rd2 Bb3 29. Rde2 Bg7 30. Re7 Rxe7 31. Rxe7 Qf8 32. Ra7 a4 33. Be7 Qe8 34. Bf6 Bf7 35. Re7 Qc6 36. Bxg7 Kxg7 37. Qf4 Kg8 38. h4 Re8 39. Rc7 Qd5 40. Kf2 Qd1 41. Qd2 Qxd2+ 42. Nxd2 Rd8 43. Ke1 Re8+ 44. Kf2 Rd8 45. Nf1 f4 46. Rxc5 Bc4 47. Re5 Rd1 48. Re1 Rd5 49. Rc1 Kf7 50. Rc2 Rd1 51. Ne3 fxe3+ 52. Kxe3 Re1+ 53. Kf2 Rd1 54. Ke3 Ke6 55. Kf4 h6 56. g4 Re1 0-1

[Event "10th Beirut Open-ch 2019"]
[Site "Beirut"]
[Date "2019.05.03"]
[Round "9.6"]
[White "Ivanov, Mikhail M"]
[Black "Najjar, Ahmad"]
[Result "1-0"]
[ECO "A30"]
[WhiteElo "2372"]
[BlackElo "2233"]
[PlyCount "73"]
[EventDate "2019.04.25"]
[EventType "swiss"]
[EventRounds "9"]
[EventCountry "LBN"]
[TimeControl "5400+30"]

1. b3 c5 2. Bb2 Nc6 3. c4 e6 4. Nf3 Nf6 5. g3 d5 6. cxd5 exd5 7. Bg2 Bd6 8. O-O O-O 9. d4 Be6 10. Nc3 b6 11. Rc1 Rc8 12. e3 Qd7 13. Qd2 cxd4 14. Nxd4 Nxd4 15. Qxd4 Bc5 16. Qf4 Bh3 17. Rfd1 Bxg2 18. Kxg2 Qe6 19. Nb5 Qe4+ 20. Qxe4 dxe4 21. Bxf6 gxf6 22. Nxa7 Rcd8 23. Nb5 Rd3 24. Rxd3 exd3 25. Rd1 Rd8 26. Nd4 Bxd4 27. Rxd3 Ra8 28. Rxd4 Rxa2 29. Rd6 b5 30. Rb6 Kg7 31. Rxb5 Kg6 32. b4 Rb2 33. Rb8 f5 34. Kf3 Kf6 35. Rb6+ Ke7 36. h4 Kd7 37. Rf6 1-0

[Event "10th Beirut Open-ch 2019"]
[Site "Beirut"]
[Date "2019.05.03"]
[Round "9.7"]
[White "Dimitrijevic, Aleksandra"]
[Black "Asmar, Elie"]
[Result "1-0"]
[ECO "E60"]
[WhiteElo "2175"]
[BlackElo "2009"]
[PlyCount "97"]
[EventDate "2019.04.25"]
[EventType "swiss"]
[EventRounds "9"]
[EventCountry "LBN"]
[TimeControl "5400+30"]

1. d4 Nf6 2. Nf3 g6 3. e3 Bg7 4. Be2 O-O 5. O-O d6 6. c4 c5 7. h3 Nc6 8. Nc3 cxd4 9. exd4 e5 10. Be3 exd4 11. Nxd4 d5 12. cxd5 Nxd5 13. Nxc6 bxc6 14. Nxd5 cxd5 15. Bd4 Be6 16. Bxg7 Kxg7 17. Qd4+ Qf6 18. Rfd1 Qxd4 19. Rxd4 Rfc8 20. b4 Rc2 21. Bf1 Rb2 22. b5 Rc8 23. a4 Kf6 24. a5 h5 25. Rdd1 Ke5 26. g3 Rcc2 27. b6 axb6 28. a6 Rc8 29. Rdb1 Rxb1 30. Rxb1 Rb8 31. Rxb6 Ra8 32. f4+ Kd4 33. Kf2 Kc5 34. Rb1 Bc8 35. Rc1+ Kb6 36. Rb1+ Kc7 37. Ra1 Kb6 38. Ke3 Ra7 39. Kd4 Re7 40. Kxd5 Re3 41. a7 Bb7+ 42. Kd4 Re4+ 43. Kd3 Re8 44. Kd4 Re4+ 45. Kc3 Re3+ 46. Bd3 Re8 47. Bc4 Rf8 48. Kd4 f6 49. Bd5 1-0